 Dungeon Crawl Stone Soup version 0.30-a0-586-g23e55c9e0a (webtiles) character file.

Game seed: 7445711209798687216

144 Shayle the Conjurer (level 5, 0/43 HPs)
             Began as a Demonspawn Reaver on Jan 3, 2023.
             Slain by a kobold brigand
             ... wielding a +0 short sword
              (6 damage)
             ... on level 3 of the Dungeon.
             The game lasted 00:05:25 (2136 turns).

Shayle the Conjurer (Demonspawn Reaver)             Turns: 2136, Time: 00:05:25

Health: 0/43       AC:  6    Str: 14    XL:     5   Next: 5%
Magic:  17/17      EV: 12    Int: 16    God:
Gold:   114        SH:  0    Dex: 14    Spells: 7/8 levels left

rFire   . . .      SeeInvis .    h - +1 sling "Uptaohyu" {flame, rN+ Str+2 Dex+2}
rCold   . . .      Faith    .    (no shield)
rNeg    + . .      Spirit   .    b - +0 leather armour
rPois   .          Reflect  .    (no helmet)
rElec   .          Harm     .    (no cloak)
rCorr   .          Rampage  .    m - +0 pair of gloves
Will    .....                    (no boots)
Stlth   +                        (no amulet)
HPRegen 0.27/turn                d - ring of magical power
MPRegen 0.15/turn                (no ring)

@: no status effects
A: rugged brown scales 2
a: no special abilities


You were on level 3 of the Dungeon.
You visited 1 branch of the dungeon, and saw 3 of its levels.

You collected 114 gold pieces.

Inventory:

Hand Weapons
 a - a +0 spear
 h - the +1 sling "Uptaohyu" (weapon) {flame, rN+ Str+2 Dex+2}
   (You found it on level 2 of the Dungeon)

   Any ammunition fired from it burns those it strikes, dealing additional fire
   damage.
   Str:       It affects your strength (+2).
   Dex:       It affects your dexterity (+2).
   rN:        It protects you from negative energy.
Armour
 b - a +0 leather armour (worn)
 m - a +0 pair of gloves (worn)
Jewellery
 d - a ring of magical power (left hand)
Scrolls
 c - 3 scrolls of poison {unknown}
 e - 2 scrolls of identify {unknown}
 f - a scroll of magic mapping {unknown}
 j - 2 scrolls of blinking {unknown}
Potions
 g - a potion of heal wounds {unknown}
 i - 2 potions of degeneration {unknown}
 k - 2 potions of curing
 l - a potion of haste {unknown}


   Skills:
 + Level 3.0 Fighting
 - Level 2.8 Polearms
 + Level 2.8 Dodging
 - Level 2.2 Spellcasting
 - Level 3.1 Conjurations
 + Level 2.0 Necromancy
 + Level 1.5 Earth Magic


You had 7 spell levels left.
You knew the following spells:

 Your Spells              Type           Power      Damage    Failure   Level
a - Kiss of Death         Conj/Necr      40%        2d8       9%          1

Your spell library contained the following spells:

 Spells                   Type           Power      Damage    Failure   Level
 Momentum Strike          Conj/Tloc      12%        3d8       21%         2
 Hailstorm                Conj/Ice       6%         3d4       38%         3
 Iskenderun's Mystic Bla  Conj/Tloc      6%         2d4       80%         4
 Anguish                  Hex/Necr       2%         N/A       86%         4
 Dispersal                Tloc           0%         N/A       100%        6
 Simulacrum               Ice/Necr       2%         N/A       100%        6


Dungeon Overview and Level Annotations

Branches:
Dungeon (3/15)

Altars:

Shops:
D:1 =


Innate Abilities, Weirdness & Mutations

You are mostly covered in rugged brown scales. (AC +2, +5% HP)


Message History

You are no longer poisoned.
The kobold brigand hits you with a +0 short sword. x2
Fire: h) +1 sling "Uptaohyu" {flame, rN+ Str+2 Dex+2}
Press: ? - help, Q - select action, (/) - cycle Shift-Dir - straight line, f/p - kobold brigand
Aim: a kobold brigand, wielding a +0 short sword and quivering poisoned darts (severely wounded, 50% to hit)
You shoot a sling bullet.
The sling bullet closely misses the kobold brigand.
The kobold brigand hits you with a +0 short sword.
* * * LOW HITPOINT WARNING * * *
Fire: h) +1 sling "Uptaohyu" {flame, rN+ Str+2 Dex+2}
Press: ? - help, Q - select action, (/) - cycle Shift-Dir - straight line, f/p - kobold brigand
Aim: a kobold brigand, wielding a +0 short sword and quivering poisoned darts (severely wounded, 50% to hit)
You shoot a sling bullet.
The sling bullet barely misses the kobold brigand.
The kobold brigand barely misses you. x2
Fire: h) +1 sling "Uptaohyu" {flame, rN+ Str+2 Dex+2}
Press: ? - help, Q - select action, (/) - cycle Shift-Dir - straight line, f/p - kobold brigand
Aim: a kobold brigand, wielding a +0 short sword and quivering poisoned darts (severely wounded, 50% to hit)
You shoot a sling bullet.
The sling bullet hits the kobold brigand but does no damage.
The kobold brigand is severely wounded.
The kobold brigand misses you.
You feel better.
The kobold brigand hits you with a +0 short sword.
* * * LOW HITPOINT WARNING * * *
Fire: h) +1 sling "Uptaohyu" {flame, rN+ Str+2 Dex+2}
Press: ? - help, Q - select action, (/) - cycle Shift-Dir - straight line, f/p - kobold brigand
Aim: a kobold brigand, wielding a +0 short sword and quivering poisoned darts (severely wounded, 50% to hit)
You shoot a sling bullet.
The sling bullet closely misses the kobold brigand.
The kobold brigand completely misses you.
Fire: h) +1 sling "Uptaohyu" {flame, rN+ Str+2 Dex+2}
Press: ? - help, Q - select action, (/) - cycle Shift-Dir - straight line, f/p - kobold brigand
Aim: a kobold brigand, wielding a +0 short sword and quivering poisoned darts (severely wounded, 50% to hit)
You shoot a sling bullet.
The sling bullet barely misses the kobold brigand.
The kobold brigand hits you with a +0 short sword.
* * * LOW HITPOINT WARNING * * *
The kobold brigand hits you with a +0 short sword.
You die...

## ### #. ..# #.
#.# #.####.##
#.#.....#
#.#.##..#
#.#.##..##
#........######.
##.###.#@K......
#<# #...######.
#.# ##### #.#
#.# #.# #.#
####.###
#..>...#


You could see a kobold brigand.

Vanquished Creatures
  6 adders
  5 worms
  4 ball pythons
  7 bats
  10 endoplasms
  A giant cockroach (D:1)
  11 goblins
  5 hobgoblins
  7 jackals (D:2)
  4 kobolds
  3 quokkas
  A frilled lizard (D:3)
  5 rats
69 creatures vanquished.

Notes
Turn   | Place    | Note
-------+----------+-------------------------------------------
     0 | D:1      | Shayle the Demonspawn Reaver began the quest for the Orb.
     0 | D:1      | Reached XP level 1. HP: 16/16 MP: 3/3
    81 | D:1      | Gained mutation: You are partially covered in rugged brown
                  | scales. (AC +1, +3% HP) [demonic ancestry]
    81 | D:1      | Reached XP level 2. HP: 16/22 MP: 5/5
   120 | D:1      | Got the Guidebook on the Decaying Traveller
   156 | D:1      | Found Omaidd's Jewellery Shoppe.
   485 | D:1      | Reached XP level 3. HP: 28/28 MP: 6/6
   801 | D:2      | Identified the +1 sling "Uptaohyu" {flame, rN+ Str+2 Dex+2}
  1048 | D:2      | You fall into a shaft and drop 1 floor!
  1075 | D:3      | Reached skill level 1 in Necromancy
  1273 | D:3      | Reached skill level 1 in Earth Magic
  1273 | D:3      | Reached XP level 4. HP: 35/35 MP: 7/7
  1994 | D:3      | Gained mutation: You are mostly covered in rugged brown
                  | scales. (AC +2, +5% HP) [demonic ancestry]
  1994 | D:3      | Reached XP level 5. HP: 25/43 MP: 8/8
  2136 | D:3      | Slain by a kobold brigand

Illustrated notes

Levels and vault maps discovered:
D:1:      amcnicky_arrival_choice, layout_basic, serial_shops, shop,
          hangedman_decor_points
D:2:      layout_loops_corners, minmay_cut_off
D:3:      layout_loops_cross, nzn_hepliaklqana_mist_gate,
          nicolae_overflow_ecumenical_swirl

Skill      XL: |  1  2  3  4 |
---------------+-------------+-----
Dodging        | 2 |  2.8
Necromancy     | 1 2 |  2.0
Earth Magic    | 1 |  1.5
Fighting       | 3 |  3.0
Polearms       | |  2.8
Spellcasting   | |  2.2
Conjurations   | |  3.1

Action                   |  1- 3 |  4- 6 || total
-------------------------+-------+-------++-------
Melee: Spear             |   120 |       ||   120
       Punch             |     2 |       ||     2
 Fire: Sling             |    48 |   109 ||   157
  Use: Potion            |       |     2 ||     2
Armor: Leather armour    |    35 |    24 ||    59
Dodge: Dodged            |    72 |    61 ||   133

Table legend: (Time is in decaauts)
 A = Elapsed time spent in this place.
 B = Non-inter-level travel time spent in this place.
 C = Inter-level travel time spent in this place.
 D = Time resting spent in this place.
 E = Time spent auto-exploring this place.
 F = Levels seen in this place.
 G = Mean time per level.
                   A        B        C        D        E       F      G
               +--------+--------+--------+--------+--------+-----+--------+
         Total |   2198 |   2150 |     48 |     22 |   1565 |   3 |  732.7 |
       Dungeon |   2198 |   2150 |     48 |     22 |   1565 |   3 |  732.7 |
               +--------+--------+--------+--------+--------+-----+--------+

Top non-repeatable levels by time:
     D:2: 974 daAuts
     D:1: 697 daAuts
     D:3: 526 daAuts
